Map: Hard Lead LE

Players

Classic

  • Race: Protoss Protoss
  • Spawn Location: 11:00

DRG - Winner!

  • Race: Zerg Zerg
  • Spawn Location: 5:00

Event: IEM Katowice 2024

VOD

Have the link to the VOD?

Description

Time

  • Played on: Dec. 9, 2023, 8:32 p.m.
  • Length: 17:27

All games in this series

Show
View Real Time Build Order
Export as new Build Order

Classic Protoss 

Build Orders: 1 Gate Expand, Oracle Opening 

Get SALT Encoding   

  12  0:00  Probe  
  13  0:13  Pylon  
  13  0:17  Probe (Chrono Boost)  
  14  0:27  Probe (Chrono Boost)  
  15  0:32  Probe (Chrono Boost)  
  16  0:39  Gateway  
  16  0:44  Probe  
  16  0:48  Assimilator  
  17  0:56  Probe  
  18  1:08  Probe  
  19  1:20  Probe  
  20  1:27  Nexus  
  20  1:32  Probe  
  21  1:38  Cybernetics Core  
  21  1:44  Probe  
  22  1:47  Assimilator  
  22  1:53  Pylon  
  22  1:56  Probe  
  23  2:11  Probe  
  23  2:12  Adept (Chrono Boost)  
  26  2:17  Stargate  
  26  2:23  Probe  
  26  2:27  Warp Gate  
  27  2:36  Stalker, Probe (Chrono Boost)  
  30  2:39  Probe (Chrono Boost)  
  31  2:47  Probe (Chrono Boost)  
  31  2:48  Probe (Chrono Boost)  
  33  2:52  Probe (Chrono Boost)  
  33  2:54  Probe (Chrono Boost)  
  35  3:02  Oracle (Chrono Boost), Probe  
  39  3:06  Probe  
  39  3:09  Pylon  
  40  3:14  Probe  
  40  3:18  Probe  
  42  3:22  Gateway  
  42  3:26  Probe  
  43  3:30  Oracle (Chrono Boost), Probe  
  47  3:38  Probe  
  48  3:42  Probe  
  49  3:49  Nexus  
  49  3:50  Pylon  
  49  3:55  Twilight Council  
  49  3:58  Probe x2  
  51  4:07  Gateway  
  51  4:08  Gateway  
  51  4:12  Assimilator  
  51  4:22  Adept  
  51  4:23  Assimilator, Adept  
  55  4:25  Probe x2  
  55  4:26  Pylon  
  55  4:31  Resonating Glaives (Chrono Boost)  
  57  4:36  Pylon  
  57  4:37  Probe x2  
  59  4:47  Adept  
  59  4:49  Adept, Probe x2  
  59  4:52  Robotics Facility  
  59  5:01  Probe x3  
  59  5:03  Adept x2  
  66  5:13  Probe x2  
  68  5:18  Adept  
  68  5:19  Probe, Adept  
  73  5:23  Adept, Pylon  
  73  5:24  Adept  
  73  5:25  Probe x2  
  79  5:31  Probe  
  80  5:37  Forge, Probe x2  
  80  5:40  Adept x2  
  86  5:43  Probe  
  86  5:44  Adept x2  
  86  5:46  Observer  
  86  5:49  Probe  
  93  5:55  Assimilator  
  93  5:57  Pylon  
  93  6:07  Probe x3  
  93  6:08  Immortal (Chrono Boost)  
  93  6:09  Assimilator  
  98  6:20  Probe x3  
  93  6:27  Stalker x4  
  93  6:29  Protoss Ground Weapons Level 1 (Chrono Boost)  
  93  6:32  Probe x3  
  90  6:34  Blink, Robotics Bay  
  90  6:38  Robotics Facility  
  90  6:39  Photon Cannon  
  90  6:40  Immortal  
  94  6:51  Stalker x2  
  94  6:52  Stalker  
  100  6:57  Shield Battery  
  100  7:00  Pylon  
  100  7:03  Pylon  
  100  7:09  Pylon  
  100  7:16  Nexus  
  100  7:18  Colossus (Chrono Boost)  
  100  7:20  Pylon  
  106  7:23  Colossus (Chrono Boost)  
  106  7:24  Sentry  
  106  7:29  Extended Thermal Lance  
  114  7:33  Shield Battery, Probe x3  
  114  7:36  Pylon  
  117  7:38  Stalker  
  117  7:39  Stalker  
  121  7:44  Gateway  
  121  7:47  Probe x2  
  121  7:48  Probe  
  124  7:55  Gateway  
  124  8:00  Gateway  
  124  8:01  Colossus (Chrono Boost)  
  130  8:07  Colossus (Chrono Boost)  
  130  8:09  Probe x3  
  139  8:13  Pylon  
  139  8:16  Protoss Ground Weapons Level 2 (Chrono Boost)  
  139  8:23  Probe x3  
  142  8:27  Assimilator  
  142  8:30  Assimilator  
  140  8:34  Pylon  
  140  8:35  Probe  
  140  8:39  Charge  
  141  8:41  Templar Archives  
  141  8:42  Probe x3  
  141  8:47  Probe  
  144  8:51  Disruptor (Chrono Boost)  
  144  8:52  Disruptor (Chrono Boost)  
  144  8:54  Stalker  
  154  9:01  Stalker x3  
  154  9:02  Stalker  
  162  9:04  Photon Cannon  
  162  9:06  Photon Cannon  
  162  9:09  Photon Cannon  
  162  9:10  Shield Battery  
  162  9:12  Photon Cannon  
  162  9:14  Shield Battery  
  162  9:15  Stalker  
  162  9:16  Stalker  
  162  9:17  Warp Prism (Chrono Boost)  
  166  9:20  Pylon  
  169  9:26  Observer (Chrono Boost), Photon Cannon  
  169  9:30  Photon Cannon  
  167  9:40  High Templar  
  167  9:41  High Templar x3  
  167  9:42  Zealot x3  
  181  9:46  Archon  
  181  9:47  Archon  
  181  9:50  Pylon  
  181  9:52  Pylon  
  181  9:53  Nexus  
  181  9:56  Pylon  
  181  9:58  Pylon  
  180  10:15  Nexus  
  180  10:18  Pylon  
  180  10:19  High Templar  
  180  10:20  High Templar x5  
  180  10:21  Zealot  
  194  10:24  Protoss Ground Weapons Level 3 (Chrono Boost), Archon x3, Pylon  
  194  10:25  Gateway  
  194  10:27  Gateway  
  167  10:53  Zealot x7, Disruptor x2 (Chrono Boost)  
  105  11:06  Gateway  
  105  11:07  Shield Battery  
  105  11:08  Gateway  
  105  11:09  Shield Battery  
  105  11:10  Photon Cannon  
  105  11:13  Stalker x5  
  105  11:14  Zealot, Stargate  
  105  11:18  Fleet Beacon  
  117  11:19  Stalker  
  117  11:21  Zealot x2  
  109  11:37  Disruptor x2 (Chrono Boost), Zealot  
  109  11:38  Zealot x5  
  123  11:48  High Templar x2  
  123  11:51  Zealot  
  127  11:59  Archon, Stargate  
  127  12:01  Nexus  
  127  12:02  Fleet Beacon  
  127  12:03  Pylon  
  127  12:06  Immortal (Chrono Boost)  
  131  12:09  Immortal (Chrono Boost)  
  135  12:25  High Templar x3  
  135  12:26  Zealot  
  135  12:29  Shield Battery  
  143  12:30  High Templar  
  143  12:31  Shield Battery  
  143  12:32  Archon  
  143  12:33  Zealot x2, Pylon  
  143  12:34  Zealot x2  
  143  12:36  Archon  
  135  12:46  Immortal x2  
  110  12:52  Zealot  
  110  12:56  Zealot x4  
  113  12:58  Probe  
  113  12:59  Probe x3  
  113  13:02  Zealot x2  
  113  13:11  Probe x3  
  115  13:19  High Templar x4  
  112  13:22  Zealot x2  
  112  13:23  Probe x3  
  119  13:27  Immortal (Chrono Boost)  
  119  13:29  Archon x2  
  123  13:34  Immortal (Chrono Boost)  
  123  13:35  Probe  
  128  13:43  Assimilator x2  
  128  13:50  High Templar x4  
  128  13:51  Zealot  
  128  13:52  Zealot x2  
  142  14:01  Archon x2  
  142  14:02  Probe x3  
  143  14:08  Immortal (Chrono Boost), Probe  
  144  14:10  Immortal (Chrono Boost)  
  144  14:14  Probe  
  153  14:18  Zealot  
  153  14:19  Zealot x2  
  153  14:21  Zealot  
  161  14:30  Carrier (Chrono Boost), Pylon  
  161  14:38  Pylon  
  167  14:45  Protoss Shields Level 1  
  173  14:47  Carrier (Chrono Boost)  
  157  15:11  Probe x3  
  157  15:12  Probe  
  161  15:19  Carrier (Chrono Boost)  
  157  15:22  Immortal (Chrono Boost)  
  157  15:23  Probe  
  162  15:29  Immortal (Chrono Boost)  
  162  15:30  Carrier (Chrono Boost)  
  172  15:46  Pylon  
  172  15:48  Pylon  
  132  16:08  Immortal x2 (Chrono Boost)  
  132  16:09  High Templar x4  
  148  16:17  Nexus  
  148  16:29  Archon  
  148  16:31  Zealot  
  77  17:02  High Templar x2  
  77  17:03  High Templar x2, Zealot x2  
  77  17:07  Archon x2  
Show
View Real Time Build Order
Export as new Build Order

DRG Zerg - Winner!

Build Orders: Hatch First 

Get SALT Encoding   

  12  0:00  Drone  
  13  0:11  Overlord  
  13  0:16  Drone  
  14  0:30  Drone x2  
  14  0:33  Drone  
  17  0:51  Hatchery  
  17  0:54  Drone  
  18  0:57  Drone  
  18  1:06  Drone  
  18  1:08  Extractor  
  18  1:14  Spawning Pool  
  18  1:18  Drone  
  18  1:27  Drone  
  19  1:38  Drone  
  20  1:48  Drone  
  21  1:59  Overlord  
  21  2:02  Queen x2  
  21  2:03  Drone  
  26  2:08  Metabolic Boost  
  26  2:11  Zergling x2  
  26  2:14  Zergling x2  
  28  2:21  Drone  
  29  2:24  Zergling x2  
  30  2:31  Drone  
  30  2:35  Drone  
  32  2:38  Queen  
  34  2:50  Hatchery  
  34  2:51  Overlord  
  33  2:52  Drone  
  33  2:53  Drone  
  35  2:59  Drone  
  35  3:04  Overlord  
  36  3:10  Drone  
  36  3:13  Drone, Queen  
  36  3:15  Drone  
  40  3:20  Drone  
  40  3:21  Spore Crawler  
  40  3:23  Drone  
  40  3:24  Drone  
  40  3:26  Queen  
  45  3:31  Drone  
  45  3:32  Drone  
  47  3:40  Overlord  
  47  3:45  Evolution Chamber  
  46  3:53  Overlord  
  46  3:57  Queen  
  46  3:59  Drone x2  
  46  4:00  Drone x2  
  46  4:01  Overlord  
  52  4:05  Spore Crawler, Queen  
  52  4:09  Zergling x4  
  56  4:14  Zergling x4  
  58  4:21  Drone x3  
  58  4:23  Zerg Melee Weapons Level 1  
  57  4:25  Spore Crawler  
  57  4:28  Drone  
  57  4:30  Drone  
  57  4:31  Drone  
  57  4:33  Drone x3  
  61  4:38  Drone  
  61  4:41  Drone  
  61  4:44  Drone  
  61  4:45  Drone  
  61  4:54  Zergling x2  
  61  4:55  Zergling x6  
  61  4:57  Drone  
  64  5:00  Baneling Nest  
  64  5:02  Overlord  
  64  5:03  Drone x3  
  64  5:04  Zergling x6  
  69  5:11  Hatchery  
  69  5:13  Drone  
  69  5:16  Drone  
  69  5:17  Drone  
  71  5:21  Lair  
  71  5:23  Drone x4  
  71  5:25  Drone x2  
  77  5:29  Drone x2  
  77  5:31  Extractor, Overlord  
  77  5:34  Drone  
  79  5:36  Zergling x2  
  79  5:37  Zergling x4  
  79  5:40  Overlord x2  
  82  5:43  Evolution Chamber  
  82  5:44  Spore Crawler  
  82  5:49  Extractor, Baneling x2  
  79  5:50  Baneling  
  79  5:51  Zergling x8  
  79  5:53  Baneling  
  79  5:54  Zergling x6  
  79  5:56  Zergling x2  
  87  5:59  Evolution Chamber  
  87  6:01  Zergling x8  
  90  6:04  Baneling x2  
  90  6:07  Zergling x8  
  95  6:14  Zergling x4  
  97  6:20  Drone  
  85  6:28  Drone  
  85  6:29  Drone  
  85  6:30  Drone  
  85  6:31  Drone x7  
  85  6:32  Drone x2, Zerg Melee Weapons Level 2  
  89  6:35  Drone  
  89  6:39  Drone x3  
  93  6:44  Drone  
  94  6:48  Drone x3, Spore Crawler  
  93  6:55  Overlord  
  93  6:57  Drone x3  
  93  6:59  Infestation Pit  
  93  7:01  Overseer, Roach Warren  
  94  7:06  Drone x4  
  98  7:10  Drone x5  
  98  7:12  Extractor x2  
  98  7:14  Overlord  
  98  7:15  Overlord x2  
  101  7:17  Zergling x2  
  101  7:18  Zergling x2  
  101  7:19  Zergling x2  
  104  7:24  Drone  
  104  7:26  Zerg Missile Weapons Level 1  
  104  7:28  Overlord x3  
  105  7:32  Extractor  
  105  7:35  Drone x2  
  105  7:36  Drone  
  107  7:40  Glial Reconstitution  
  107  7:42  Hive  
  107  7:50  Drone, Hatchery  
  106  7:51  Roach  
  106  7:52  Roach x6  
  106  7:55  Roach x3  
  126  7:59  Overlord  
  126  8:01  Extractor  
  126  8:04  Drone x3  
  128  8:07  Overlord x2  
  128  8:09  Roach x3  
  128  8:11  Zergling x4  
  136  8:14  Zergling x6  
  136  8:18  Zergling x10  
  144  8:21  Zergling x2  
  144  8:22  Zergling x4  
  147  8:27  Ravager x3  
  147  8:28  Zergling x4  
  147  8:32  Zergling x8  
  155  8:39  Zergling x14  
  162  8:47  Overlord x2  
  162  8:49  Zergling x12  
  162  8:54  Zergling x8  
  172  8:56  Zerg Melee Weapons Level 3  
  172  8:58  Adrenal Glands  
  172  9:01  Viper x2  
  175  9:03  Zergling x6  
  175  9:07  Roach  
  175  9:08  Roach x3  
  185  9:10  Baneling x5  
  185  9:13  Drone  
  185  9:14  Drone x2  
  185  9:15  Centrifugal Hooks  
  185  9:16  Zergling x6  
  191  9:26  Baneling x9  
  191  9:34  Zergling x18  
  191  9:37  Zergling x6  
  191  9:38  Spore Crawler  
  199  9:40  Zergling x8  
  199  9:46  Baneling x9  
  198  9:53  Overlord x2  
  198  9:54  Zergling x6  
  198  9:55  Zerg Missile Weapons Level 2  
  196  10:01  Hatchery  
  196  10:02  Zergling x14  
  196  10:06  Zergling x8  
  199  10:12  Baneling x5  
  199  10:13  Baneling  
  199  10:17  Zergling x2  
  199  10:25  Ultralisk Cavern  
  198  10:29  Baneling x8  
  198  10:35  Zergling x2  
  196  10:48  Zergling x18  
  196  10:49  Zergling x6  
  162  10:53  Zergling x16  
  162  10:56  Roach x3  
  153  11:04  Zergling x10  
  152  11:07  Hatchery  
  152  11:10  Viper  
  154  11:12  Chitinous Plating  
  154  11:14  Zergling x4  
  156  11:22  Zergling x8  
  150  11:27  Zergling x4  
  150  11:30  Ultralisk  
  147  11:33  Zergling x10  
  147  11:35  Zergling x2  
  147  11:41  Drone x3  
  143  11:48  Ultralisk  
  143  11:53  Zerg Ground Armor Level 1  
  149  12:01  Zergling x12  
  149  12:06  Baneling x8  
  149  12:08  Spore Crawler  
  154  12:09  Zergling x2  
  154  12:13  Zergling x8  
  159  12:16  Ravager x4  
  159  12:19  Zergling x6  
  166  12:24  Zergling x8  
  166  12:26  Drone  
  166  12:27  Drone  
  172  12:31  Anabolic Synthesis  
  172  12:34  Zergling x12  
  168  12:48  Zergling x20  
  155  12:56  Zergling x20  
  145  13:01  Zergling x8  
  142  13:09  Zergling x8  
  143  13:16  Ultralisk  
  143  13:17  Ultralisk  
  143  13:18  Baneling x4  
  152  13:21  Baneling x6  
  152  13:28  Ultralisk  
  158  13:38  Zergling x18  
  167  13:44  Zergling x12  
  172  13:51  Ultralisk  
  177  14:02  Ultralisk x2  
  185  14:09  Ultralisk  
  190  14:12  Zerg Ground Armor Level 2  
  190  14:17  Baneling x14  
  190  14:21  Zergling x8  
  194  14:25  Zergling x8  
  194  14:28  Zergling x4  
  199  14:39  Baneling x4  
  199  14:43  Zergling x2  
  199  14:44  Hatchery  
  199  14:47  Overseer x2  
  199  14:48  Pneumatized Carapace  
  186  15:00  Zergling x2  
  186  15:01  Zergling x16  
  186  15:04  Zergling x2  
  186  15:05  Zergling x12  
  193  15:11  Zergling x10  
  195  15:14  Zergling x10  
  195  15:17  Zergling x2  
  195  15:18  Zergling x2  
  200  15:29  Spire  
  190  15:41  Baneling x3  
  187  15:42  Zergling x2  
  187  15:43  Zergling x24  
  198  15:56  Zergling x18  
  177  16:00  Zergling x22  
  157  16:05  Ultralisk x3  
  157  16:09  Zergling x12  
  175  16:14  Ultralisk  
  181  16:26  Ultralisk x2  
  172  16:43  Corruptor x6  
  172  16:44  Corruptor  
  169  16:50  Corruptor x2  
  169  16:51  Corruptor  
  158  16:56  Corruptor  
  158  17:00  Zergling x10  

Tags
 
Add a new tag
Caveats
  • Supply blocks, unpowered buildings, or Contaminate may cause inaccurate times.
  • Supply counts are checked every 10 seconds.